 Dungeon Crawl Stone Soup version 0.17-a0-1882-g750edc8 (webtiles) character file.

2881 Ijustatesigmund the Slinger (level 10, 0/60 HPs)
             Began as a Halfling Hunter on Sept 22, 2015.
             Was a Believer of Dithmenos.
             Slain by an orc warrior
             ... wielding a +0 trident
              (17 damage)
             ... on level 7 of the Dungeon.
             The game lasted 00:23:23 (7067 turns).

Ijustatesigmund the Slinger (Halfling Hunter)       Turns: 7067, Time: 00:23:23

Health: 0/60       AC:  9    Str: 12    XL:     10   Next: 5%
Magic:  12/12      EV: 17    Int: 10    God:    Dithmenos [**....]
Gold:   234        SH:  0    Dex: 19    Spells: 0 memorised, 9 levels left

rFire  . . .     SeeInvis .     c - +1 short sword
rCold  . . .     Clarity  .     d - +1 leather armour
rNeg   . . .     SustAt   .     (shield restricted)
rPois  .         Gourm    .     (no helmet)
rElec  .         Spirit   .     y - +1 cloak
rCorr  .         Warding  .     i - +2 pair of gloves {archery}
rMut   +         Stasis   .     (no boots)
MR     .....                    f - amulet of resist mutation
Stlth  +++++.....               (no ring)
                                (no ring)

@: lethally poisoned (0 -> 0), wreathed by umbra, not resistant to hostile
enchantments, quite stealthy
A: mutation resistance 1
a: Shadow Step, Renounce Religion


You were on level 7 of the Dungeon.
You worshipped Dithmenos.
Dithmenos was pleased with you.
You were not hungry.

You visited 2 branches of the dungeon, and saw 8 of its levels.
You also visited: Sewer and Ossuary.

You collected 437 gold pieces.
You spent 203 gold pieces at shops.

Inventory:

Hand weapons
 a - a +4 hunting sling of flaming
 c - a +1 short sword (weapon)
Missiles
 g - 123 stones (quivered)
 D - a sling bullet
Armour
 d - a +1 leather armour (worn)
 i - a +2 pair of gloves of archery (worn)
 y - a +1 cloak (worn)
Jewellery
 b - a +2 ring of protection {unknown}
 f - an amulet of resist mutation (around neck)
Magical devices
 G - a wand of polymorph (10)
Scrolls
 j - 2 scrolls of fog
 m - a scroll of noise {unknown}
 n - a scroll of magic mapping
 o - 2 scrolls of fear
 q - 6 scrolls of teleportation
 r - a scroll of blinking
 v - 3 scrolls of amnesia
 w - a scroll of recharging
 B - a scroll of identify
 C - a scroll of enchant weapon
 E - a scroll of enchant armour
 F - 2 scrolls of remove curse
Potions
 k - 5 potions of haste
 l - 2 potions of resistance
 p - 2 potions of flight
 s - 3 potions of magic
 t - 2 potions of heal wounds
 u - 4 potions of brilliance
 x - a potion of might
 z - 5 potions of curing
 A - a potion of ambrosia
Comestibles
 e - 7 bread rations
 h - 6 meat rations


   Skills:
 - Level 1.7 Fighting
 + Level 8.0 Short Blades
 - Level 12.3 Slings
 - Level 4.6 Dodging
 - Level 8.2 Stealth
 + Level 3.2 Invocations


You had 9 spell levels left.
You didn't know any spells.

Dungeon Overview and Level Annotations

Branches:
Dungeon (7/15)             Temple (1/1) D:6

Altars:
Ashenzari
Cheibriados
Dithmenos
Elyvilon
Fedhas
Gozag
Kikubaaqudgha
Makhleb
Nemelex Xobeh
Okawaru
Qazlal
Ru
Sif Muna
Trog
Vehumet
Xom
Yredelemnul
Zin
The Shining One

Shops:
D:4 *


Innate Abilities, Weirdness & Mutations

You are small and have problems with some larger weapons.
You are somewhat resistant to further mutation.


Message History

You hit the orc warrior but do no damage.
The orc warrior is moderately wounded.
You barely miss the orc warrior.
The orc warrior is moderately wounded.
You feel sick. The orc warrior barely misses you.
You hit the orc warrior.
The orc warrior is moderately wounded.
The orc warrior completely misses you.
You hit the orc warrior but do no damage.
The orc warrior is moderately wounded.
You closely miss the orc warrior.
The orc warrior is moderately wounded.
The orc warrior closely misses you.
You hit the orc warrior but do no damage.
The orc warrior is moderately wounded.
You completely miss the orc warrior.
The orc warrior is moderately wounded.
You feel sick.
The orc warrior hits you with a trident!
You die...

#### #........ ...#####........
......##........ #.>.............
().......#.[....
)(............#####
..................#####
......))##.....o).....# ..#
......).##...>..@...# ..#
........<.......†...####....#
.......###..................###
.#.#....#...........#####......
##...#.....###...............#
............###.######......#
........#.#..##. #.'#######+
.#......####.##.######.#...#...#.
..........##.# .##.....#.).#...#.


You could see an orc warrior.

Vanquished Creatures
  The ghost of George the Slasher, an experienced DsGl (D:5)
  A wraith (Ossuary)
  A steam dragon (D:7)
  A phantom (D:4)
  An ice beast (D:5)
  An orc warrior (D:6)
  2 sky beasts (D:7)
  A black bear (D:5)
  A centaur (D:6)
  5 big kobolds
  3 giant frogs
  3 scorpions
  A crimson imp (D:6)
  Crazy Yiuf (D:5)
  3 centaur zombies
  4 orc priests
  4 hounds
  An orc wizard (D:6)
  5 worker ants
  A hound zombie (D:4)
  A hound skeleton (D:4)
  A mummy (Ossuary)
  20 adders
  3 gnolls (D:4)
  A shadow imp (D:6)
  3 river rats
  4 oozes
  An adder skeleton (D:7)
  4 worms
  22 orcs
  7 bats
  4 giant cockroaches
  12 goblins
  10 hobgoblins
  3 jackals (D:1)
  19 kobolds
  4 quokkas
  5 ball pythons
  2 giant geckos
  A giant gecko skeleton (D:4)
  3 giant newts
  6 gnoll skeletons (Ossuary)
  A jackal skeleton (D:5)
  5 kobold skeletons (Ossuary)
  14 orc skeletons (Ossuary)
  A quokka skeleton (D:4)
  A quokka zombie (D:6)
  12 rats
211 creatures vanquished.

Notes
Turn   | Place    | Note
--------------------------------------------------------------
     0 | D:1      | Ijustatesigmund the Halfling Hunter began the quest for the Orb.
     0 | D:1      | Reached XP level 1. HP: 14/14 MP: 1/1
    16 | D:1      | Reached skill level 6 in Slings
   147 | D:1      | Reached XP level 2. HP: 19/19 MP: 2/2
   544 | D:2      | Reached XP level 3. HP: 24/24 MP: 3/3
   640 | D:2      | Reached skill level 7 in Slings
   869 | D:2      | Reached XP level 4. HP: 29/29 MP: 4/4
  1524 | D:3      | Reached XP level 5. HP: 34/34 MP: 5/5
  1547 | D:3      | Reached skill level 8 in Slings
  1602 | D:3      | Found a glowing drain.
  1614 | Sewer    | Entered a sewer
  1716 | Sewer    | Reached XP level 6. HP: 39/39 MP: 6/6
  1754 | Sewer    | Reached skill level 9 in Slings
  1871 | Sewer    | Reached XP level 7. HP: 44/44 MP: 7/7
  1876 | Sewer    | Reached skill level 10 in Slings
  1876 | Sewer    | Reached skill level 5 in Stealth
  2361 | D:3      | Found a glowing silver altar of Zin.
  2361 | D:3      | Noticed an angel
  2806 | D:4      | Found Ceyzuer's Commerce Corner.
  2820 | D:4      | Bought a potion of curing for 42 gold pieces
  2820 | D:4      | Bought a +1 cloak for 161 gold pieces
  3069 | D:4      | Reached skill level 11 in Slings
  3069 | D:4      | Reached XP level 8. HP: 49/49 MP: 8/8
  3714 | D:5      | Entered Level 5 of the Dungeon
  3736 | D:5      | Found an opulent altar of Gozag.
  3738 | D:5      | Noticed George's ghost (experienced DsGl)
  3799 | D:5      | Killed George's ghost
  3799 | D:5      | Reached skill level 12 in Slings
  3871 | D:5      | Reached skill level 1 in Short Blades
  4293 | D:5      | Noticed Crazy Yiuf
  4296 | D:5      | Killed Crazy Yiuf
  4345 | D:5      | Reached XP level 9. HP: 54/54 MP: 9/9
  4704 | D:6      | Found a blossoming altar of Fedhas.
  4706 | D:6      | Found an ancient bone altar of Kikubaaqudgha.
  5223 | D:6      | Found a staircase to the Ecumenical Temple.
  5231 | Temple   | Entered the Ecumenical Temple
  5240 | Temple   | Became a worshipper of Dithmenos the Shadowed
  5405 | D:6      | Found a deep blue altar of Sif Muna.
  5522 | D:7      | Reached skill level 5 in Short Blades
  5675 | D:7      | Found a sand-covered staircase.
  5728 | Ossuary  | Entered an ossuary
  6118 | Ossuary  | Reached skill level 1 in Invocations
  6734 | D:7      | Acquired Dithmenos's first power
  6734 | D:7      | Reached XP level 10. HP: 10/60 MP: 10/12
  7009 | D:7      | Found a sacrificial altar of Ru.
  7067 | D:7      | Slain by an orc warrior

Vault maps used:
D:1:      dpeg_arrival_stonehenge_8_columns
D:3:      zin_angel, portal_sewer_entry_e
D:4:      first_bread, nicolae_alphabet_shops
D:5:      black_bear_nest_1, basic_altar, uniq_crazy_yiuf_cottage
D:6:      kennysheep_orc_sif_temple, grunt_temple_overflow_growth_and_decay,
          minmay_temple_entry_statues_pillars
D:7:      nicolae_ru_great_annihilating_truth,
          nicolae_ossuary_entry_false_entrances, serial_glass, glass_columns_b,
          glass_columns_b, glass_columns_c, glass_columns_b, glass_columns_b,
          glass_columns_b, the_bakery
Temple:   nicolae_temple_no_exploring_needed
Sewer:    sewer_co_15_rooms
Ossuary:  ossuary_due_mausoleum

Action                   |  1- 3 |  4- 6 |  7- 9 | 10-12 || total
-------------------------+-------+-------+-------+-------++-------
Melee: Hunting sling     |       |       |     1 |       ||     1
       Short sword       |       |       |   321 |    32 ||   353
 Fire: Hunting sling     |    59 |    91 |   240 |       ||   390
Throw: Stone             |       |       |    10 |       ||    10
  Use: Scroll            |    10 |     6 |    14 |       ||    30
       Potion            |       |       |     5 |       ||     5
 Stab: Sleeping          |       |       |    10 |     1 ||    11
       Invisible         |       |       |       |     1 ||     1
       Paralysed         |       |       |       |     1 ||     1
  Eat: Chunk             |       |     2 |     3 |       ||     5
       Pizza             |       |       |     1 |       ||     1
       Meat ration       |       |       |     1 |     1 ||     2
       Beef jerky        |       |       |     1 |       ||     1
       Royal jelly       |       |       |     2 |       ||     2
